[Event "ICC tourney 2329 (3 2)"]
[Site "Internet Chess Club"]
[Date "2021.01.23"]
[Round "10"]
[White "muzikmixer"]
[Black "Kyle45"]
[Result "1-0"]
[ICCResult "Black checkmated"]
[WhiteElo "1633"]
[BlackElo "1100"]
[Opening "Queen's pawn game"]
[ECO "A45"]
[NIC "QP.07"]
[Time "00:09:06"]
[PlyCount "89"]
[TimeControl "180+2"]

1. d4 Nf6 2. Nc3 b6 3. e4 d6 4. f3 Bb7 5. Be3 Nbd7 6. Qd2 g6 7. O-O-O Bg7
8. Bc4 e6 9. Bb3 Qe7 10. Nge2 O-O-O 11. Bg5 h6 12. Bxf6 Bxf6 13. Rhe1 e5
14. Kb1 exd4 15. Nxd4 Bxd4 16. Qxd4 Ne5 17. Nd5 Bxd5 18. exd5 Qd7 19. Ba4
Qf5 20. f4 Nd7 21. Bc6 Nc5 22. Qc4 Rde8 23. Rxe8+ Rxe8 24. Bxe8 g5 25. Bc6
gxf4 26. b4 Ne4 27. Qa6+ Kd8 28. Rd3 Nf2 29. Rd4 Qe5 30. Qc4 Qe1+ 31. Kb2
Nd1+ 32. Kb3 Qe3+ 33. Rd3 Qc1 34. Qd4 Qb1+ 35. Ka3 a5 36. Qf6+ Kc8 37. bxa5
Qc1+ 38. Kb4 Qb1+ 39. Rb3 bxa5+ 40. Kb5 Nc3+ 41. Ka6 Qxb3 42. axb3 Nb5 43.
Kxb5 a4 44. Qxf7 axb3 45. Qe8# { Black checkmated } 1-0

[Event "ICC tourney 2329 (3 2)"]
[Site "Internet Chess Club"]
[Date "2021.01.23"]
[Round "10"]
[White "jy2020"]
[Black "Goran21"]
[Result "1-0"]
[ICCResult "Black resigns"]
[WhiteElo "2213"]
[BlackElo "2008"]
[Opening "Sicilian"]
[ECO "B54"]
[NIC "SI.11"]
[Time "00:08:21"]
[PlyCount "131"]
[TimeControl "180+2"]

1. e4 c5 2. Nf3 d6 3. d4 cxd4 4. Nxd4 e5 5. Nb3 Nf6 6. Nc3 a6 7. Be2 Be7 8.
O-O O-O 9. Bf3 Nbd7 10. a4 b6 11. Re1 Bb7 12. Nd2 Rc8 13. Nf1 Nc5 14. g3
Qd7 15. Bg2 b5 16. axb5 axb5 17. Nd5 Nxd5 18. exd5 f5 19. f4 e4 20. Be3 Bf6
21. Bd4 Nd3 22. Bxf6 Nxe1 23. Bc3 Nxg2 24. Kxg2 b4 25. Bxb4 Qb5 26. Bc3
Bxd5 27. Ra5 e3+ 28. Qxd5+ Qxd5+ 29. Rxd5 e2 30. Kf2 Rfe8 31. Ne3 Rxe3 32.
Kxe3 Rxc3+ 33. Kxe2 Rxc2+ 34. Rd2 Rc6 35. Kd3 Kf7 36. Kd4 Ke6 37. b4 d5 38.
Rb2 Rc4+ 39. Kd3 Kd6 40. b5 Kc7 41. Re2 Re4 42. Rc2+ Kb6 43. Rc6+ Kxb5 44.
Rc7 Re6 45. Rxg7 h6 46. Kd4 Kc6 47. Rh7 Kd6 48. Ra7 Re4+ 49. Kd3 h5 50. Rh7
Ra4 51. Rxh5 Kc5 52. Rxf5 Ra3+ 53. Ke2 Ra2+ 54. Kf3 Rxh2 55. Rf8 d4 56. Rd8
Kc4 57. f5 d3 58. g4 d2 59. g5 Kc3 60. Kg4 Rg2+ 61. Kh5 Rg3 62. Rxd2 Kxd2
63. f6 Ke3 64. f7 Rf3 65. g6 Rxf7 66. gxf7 { Black resigns } 1-0

[Event "ICC tourney 2329 (3 2)"]
[Site "Internet Chess Club"]
[Date "2021.01.23"]
[Round "10"]
[White "yogokings12"]
[Black "DualMoneytime"]
[Result "0-1"]
[ICCResult "White resigns"]
[WhiteElo "1573"]
[BlackElo "1982"]
[Opening "French: Steinitz, Boleslavsky variation"]
[ECO "C11"]
[NIC "FR.04"]
[Time "00:08:14"]
[PlyCount "124"]
[TimeControl "180+2"]

1. e4 e6 2. d4 d5 3. Nc3 Nf6 4. e5 Nfd7 5. f4 c5 6. Nf3 Nc6 7. Be3 Qb6 8.
Na4 Qa5+ 9. c3 cxd4 10. b4 Nxb4 11. cxb4 Bxb4+ 12. Bd2 Bxd2+ 13. Nxd2 b6
14. Bd3 Ba6 15. Nb2 Nc5 16. Bxa6 Qxa6 17. a4 Nd3+ 18. Nxd3 Qxd3 19. Qe2 Qc3
20. O-O O-O 21. Rfc1 Qb4 22. Nf3 Rac8 23. Qd2 Qxd2 24. Nxd2 Rc3 25. Nf3
Rfc8 26. Rxc3 dxc3 27. Rc1 Rc4 28. g3 d4 29. Kf2 Rxa4 30. Ke2 b5 31. Kd3 b4
32. Nxd4 a5 33. Kc4 Ra2 34. Rc2 Rxc2 35. Nxc2 f6 36. exf6 gxf6 37. Nd4 Kf7
38. Nb3 e5 39. fxe5 fxe5 40. Nxa5 e4 41. Nb3 c2 42. Kd4 h5 43. Kxe4 h4 44.
gxh4 Kg6 45. Kf4 Kh5 46. Kg3 Kg6 47. Kg4 Kh6 48. h3 Kg6 49. h5+ Kh6 50. Nc1
Kg7 51. Kg5 Kh7 52. h6 Kh8 53. h4 Kh7 54. h5 Kg8 55. Kg6 Kh8 56. Nb3 Kg8
57. h7+ Kh8 58. Nc1 b3 59. Nd3 c1=Q 60. Nxc1 b2 61. Nd3 b1=Q 62. h6 Qxd3+ {
White resigns } 0-1

[Event "ICC tourney 2329 (3 2)"]
[Site "Internet Chess Club"]
[Date "2021.01.23"]
[Round "10"]
[White "Ben2008"]
[Black "Zapateado"]
[Result "0-1"]
[ICCResult "White checkmated"]
[WhiteElo "1900"]
[BlackElo "1908"]
[Opening "Sicilian: accelerated fianchetto, modern variation"]
[ECO "B34"]
[NIC "SI.33"]
[Time "00:08:26"]
[PlyCount "134"]
[TimeControl "180+2"]

1. e4 c5 2. Nf3 g6 3. d4 cxd4 4. Nxd4 Nc6 5. Nc3 Bg7 6. Be3 Nf6 7. Qd2 O-O
8. Bc4 Nxe4 9. Nxe4 d5 10. Nxc6 bxc6 11. Bd3 dxe4 12. Bxe4 Qxd2+ 13. Bxd2
Bd7 14. Rb1 Rab8 15. b3 f5 16. Bd3 e5 17. O-O Be6 18. Be3 a5 19. Bc5 Rfd8
20. Rbd1 e4 21. Be2 a4 22. f3 axb3 23. axb3 Bd5 24. fxe4 Bxe4 25. Bc4+ Kh8
26. Rc1 h6 27. c3 Bd3 28. Bxd3 Rxd3 29. Bb4 Rb5 30. Rfe1 c5 31. Re8+ Kh7
32. Ba3 Rxc3 33. Rxc3 Bxc3 34. Re7+ Kg8 35. Rc7 Bd4+ 36. Kf1 Rxb3 37. Bxc5
Rc3 38. Bd6 Rxc7 39. Bxc7 Kf7 40. Ke2 Ke6 41. Kf3 Be5 42. Bxe5 Kxe5 43. g3
g5 44. Ke3 g4 45. Kf2 Ke4 46. Ke2 h5 47. Kf2 Kd3 48. Kg2 Ke2 49. Kg1 Kf3
50. Kf1 f4 51. gxf4 Kxf4 52. Kg2 h4 53. Kf2 Ke4 54. Ke2 Kd4 55. Kf2 Kd3 56.
Kg2 Ke3 57. Kg1 Kf3 58. Kf1 g3 59. hxg3 hxg3 60. Kg1 g2 61. Kh2 Kf2 62. Kh3
g1=Q 63. Kh4 Kf3 64. Kh5 Kf4 65. Kh6 Kf5 66. Kh7 Kf6 67. Kh8 Qg7# { White
checkmated } 0-1

[Event "ICC tourney 2329 (3 2)"]
[Site "Internet Chess Club"]
[Date "2021.01.23"]
[Round "11"]
[White "BMWHero"]
[Black "yogokings12"]
[Result "1-0"]
[ICCResult "Black resigns"]
[WhiteElo "2580"]
[BlackElo "1573"]
[Opening "Van't Kruijs opening"]
[ECO "A00"]
[Time "00:18:49"]
[PlyCount "55"]
[TimeControl "180+2"]

1. e3 e5 2. d4 exd4 3. exd4 d5 4. Nf3 Nf6 5. Bd3 Bd6 6. O-O O-O 7. c3 c5 8.
Nbd2 Nc6 9. dxc5 Bxc5 10. Nb3 Bb6 11. h3 a5 12. a4 Be6 13. Re1 Qd7 14. Be3
Bxe3 15. Rxe3 Rfe8 16. Qd2 Bf5 17. Nc5 Qc8 18. Rxe8+ Nxe8 19. Bxf5 Qxf5 20.
Nxb7 Rb8 21. Nc5 Nf6 22. Re1 h6 23. Nd4 Nxd4 24. cxd4 Ne4 25. Qc2 Re8 26.
f3 Nd6 27. Rxe8+ Nxe8 28. Qxf5 { Black resigns } 1-0

[Event "ICC tourney 2329 (3 2)"]
[Site "Internet Chess Club"]
[Date "2021.01.23"]
[Round "11"]
[White "Gnanathan"]
[Black "yuanbao2007"]
[Result "0-1"]
[ICCResult "White checkmated"]
[WhiteElo "1101"]
[BlackElo "1664"]
[Opening "French defense"]
[ECO "C00"]
[NIC "FR.01"]
[Time "00:18:57"]
[PlyCount "42"]
[TimeControl "180+2"]

1. e4 e6 2. Nf3 d5 3. exd5 exd5 4. d4 Nf6 5. c4 c6 6. cxd5 cxd5 7. Nc3 Nc6
8. Bb5 Bd6 9. O-O O-O 10. Re1 Bg4 11. Bg5 Bxf3 12. Qxf3 Nxd4 13. Qd3 Nxb5
14. Qxb5 d4 15. Ne4 Be7 16. Nxf6+ Bxf6 17. Bxf6 Qxf6 18. Qxb7 Rab8 19. Qxa7
Rxb2 20. Rad1 Qxf2+ 21. Kh1 Qxg2# { White checkmated } 0-1

[Event "ICC tourney 2329 (3 2)"]
[Site "Internet Chess Club"]
[Date "2021.01.23"]
[Round "11"]
[White "stephenwilly"]
[Black "JDD01"]
[Result "1-0"]
[ICCResult "Black checkmated"]
[WhiteElo "1460"]
[BlackElo "1817"]
[Opening "Sicilian: Alapin's variation (2.c3)"]
[ECO "B22"]
[NIC "SI.46"]
[Time "00:18:52"]
[PlyCount "39"]
[TimeControl "180+2"]

1. e4 c5 2. c3 g6 3. d4 cxd4 4. cxd4 Bg7 5. Nc3 Nc6 6. Nf3 Qb6 7. Nd5 Qd8
8. Bf4 e6 9. Bc7 exd5 10. Bxd8 Kxd8 11. exd5 Nce7 12. d6 Nd5 13. Ne5 Nh6
14. Bc4 Nb6 15. Nxf7+ Nxf7 16. Bxf7 Rf8 17. Bb3 Rb8 18. O-O Na8 19. Qe2 b6
20. Qe7# { Black checkmated } 1-0

[Event "ICC tourney 2329 (3 2)"]
[Site "Internet Chess Club"]
[Date "2021.01.23"]
[Round "11"]
[White "DualMoneytime"]
[Black "jefferyx"]
[Result "0-1"]
[ICCResult "White resigns"]
[WhiteElo "1982"]
[BlackElo "2825"]
[Opening "Sicilian: closed"]
[ECO "B23"]
[NIC "SI.44"]
[Time "00:18:59"]
[PlyCount "56"]
[TimeControl "180+2"]

1. e4 c5 2. Nc3 d6 3. f4 g6 4. Nf3 Bg7 5. Bb5+ Bd7 6. Bc4 Nc6 7. d3 Na5 8.
Bb3 Nxb3 9. axb3 Bc6 10. O-O Nf6 11. Be3 O-O 12. Qe2 b5 13. Nd1 a5 14. Nf2
a4 15. bxa4 bxa4 16. g4 Nd7 17. c3 Qb6 18. f5 Rfb8 19. Rfb1 a3 20. bxa3
Qxb1+ 21. Rxb1 Rxb1+ 22. Kg2 Rxa3 23. Qc2 Rbb3 24. c4 Rb2 25. Qd1 Nf6 26.
g5 Nxe4 27. dxe4 Rxe3 28. Qc1 Ree2 { White resigns } 0-1

[Event "ICC tourney 2329 (3 2)"]
[Site "Internet Chess Club"]
[Date "2021.01.23"]
[Round "11"]
[White "Goran21"]
[Black "muzikmixer"]
[Result "1-0"]
[ICCResult "Black resigns"]
[WhiteElo "2008"]
[BlackElo "1633"]
[Opening "Pirc: Ufimtsev-Pytel variation"]
[ECO "B07"]
[NIC "PU.08"]
[Time "00:19:21"]
[PlyCount "65"]
[TimeControl "180+2"]

1. e4 d6 2. d4 Nf6 3. Nc3 c6 4. Nf3 Bg4 5. h3 Bh5 6. g4 Bg6 7. Bd3 Nbd7 8.
Nh4 e5 9. dxe5 dxe5 10. Nxg6 hxg6 11. Be3 Bc5 12. Qe2 Bxe3 13. Qxe3 Qb6 14.
O-O-O Nc5 15. Bc4 Ke7 16. Rhe1 Rad8 17. f4 exf4 18. Qxf4 Ne6 19. Bxe6 fxe6
20. e5 Nd5 21. Qg5+ Kd7 22. Ne4 Kc8 23. Nd6+ Kb8 24. Nf7 Qa5 25. Nxd8 Rxd8
26. c4 Rc8 27. cxd5 cxd5+ 28. Kb1 Qa4 29. Qd2 b5 30. Rc1 Rc4 31. b3 Rxc1+
32. Rxc1 Qe4+ 33. Qc2 { Black resigns } 1-0

[Event "ICC tourney 2329 (3 2)"]
[Site "Internet Chess Club"]
[Date "2021.01.23"]
[Round "11"]
[White "michaelxiao"]
[Black "BreatheChessAls"]
[Result "0-1"]
[ICCResult "White checkmated"]
[WhiteElo "1336"]
[BlackElo "1915"]
[Opening "Sicilian: Alapin's variation (2.c3)"]
[ECO "B22"]
[NIC "SI.47"]
[Time "00:19:44"]
[PlyCount "76"]
[TimeControl "180+2"]

1. e4 c5 2. c3 Nf6 3. e5 Nd5 4. d4 cxd4 5. cxd4 e6 6. Nf3 Nc6 7. Bc4 Nb6 8.
Bb3 d6 9. exd6 Bxd6 10. Nc3 O-O 11. O-O e5 12. dxe5 Nxe5 13. Nxe5 Bxe5 14.
Qxd8 Rxd8 15. Be3 Bxc3 16. bxc3 Nd5 17. Rad1 Be6 18. Rd3 Nxe3 19. Rxe3 Bxb3
20. axb3 a5 21. Ra1 b5 22. g3 a4 23. bxa4 bxa4 24. Re4 a3 25. Rb4 Ra7 26.
c4 g6 27. c5 Rc8 28. Rb3 a2 29. Rb2 Rxc5 30. Rbxa2 Rac7 31. Kg2 Kg7 32. Ra7
R7c6 33. Rd7 Rf6 34. Raa7 Rc2 35. Kh3 Rfxf2 36. Kg4 h5+ 37. Kg5 Rc4 38. h3
Rf5# { White checkmated } 0-1

[Event "ICC tourney 2329 (3 2)"]
[Site "Internet Chess Club"]
[Date "2021.01.23"]
[Round "11"]
[White "Kyle45"]
[Black "Drachekokosnuss"]
[Result "0-1"]
[ICCResult "White checkmated"]
[WhiteElo "1100"]
[BlackElo "2100"]
[Opening "Réti opening"]
[ECO "A05"]
[NIC "QP.11"]
[Time "00:19:03"]
[PlyCount "108"]
[TimeControl "180+2"]

1. Nf3 Nf6 2. Nc3 g6 3. g3 Bg7 4. Bg2 O-O 5. d4 d5 6. O-O Nbd7 7. e3 c6 8.
Re1 Qc7 9. e4 dxe4 10. Nxe4 Nxe4 11. Rxe4 e5 12. dxe5 Nxe5 13. Bf4 Nxf3+
14. Bxf3 Qb6 15. Rb1 Bf5 16. Re2 Rad8 17. Rd2 Rxd2 18. Qxd2 Rd8 19. Qe2 Qc5
20. Be4 Re8 21. Re1 Rxe4 22. Qd2 Qd4 23. Rxe4 Bxe4 24. Qe2 f5 25. Be3 Qxb2
26. Qc4+ Bd5 27. Qf1 Qxa2 28. h4 Qa1 29. Qxa1 Bxa1 30. Bxa7 Be4 31. c4 Bd3
32. c5 Bd4 33. Bb6 Kf7 34. Kg2 Ke6 35. Kf3 Kd5 36. Bd8 Be4+ 37. Kf4 Bxc5
38. f3 Bd3 39. g4 fxg4 40. fxg4 b5 41. h5 gxh5 42. gxh5 b4 43. h6 b3 44.
Bf6 Bd4 45. Bg7 b2 46. Bf8 b1=Q 47. Kg5 Qg1+ 48. Kf4 Be5+ 49. Kf3 Be4+ 50.
Ke2 Qg2+ 51. Kd1 Bf3+ 52. Kc1 Bf4+ 53. Kb1 Be4+ 54. Ka1 Be5# { White
checkmated } 0-1

[Event "ICC tourney 2329 (3 2)"]
[Site "Internet Chess Club"]
[Date "2021.01.23"]
[Round "11"]
[White "MChessy"]
[Black "Kokosnuss1000"]
[Result "1-0"]
[ICCResult "Black checkmated"]
[WhiteElo "1950"]
[BlackElo "1650"]
[Opening "Ruy Lopez: closed, anti-Marshall 8.a4"]
[ECO "C88"]
[NIC "RL.18"]
[Time "00:19:39"]
[PlyCount "61"]
[TimeControl "180+2"]

1. e4 e5 2. Nf3 Nc6 3. Bb5 a6 4. Ba4 Nf6 5. O-O Be7 6. Re1 b5 7. Bb3 O-O 8.
a4 d6 9. d4 bxa4 10. Bxa4 Bg4 11. Bxc6 Rb8 12. dxe5 dxe5 13. Qxd8 Rbxd8 14.
Nxe5 Rd6 15. Nxg4 Rfd8 16. Nxf6+ Bxf6 17. Bd5 c6 18. Bc4 Rd1 19. Bd2 Rxe1+
20. Bxe1 Rd1 21. Kf1 Bxb2 22. Rxa6 h6 23. Ke2 Rxb1 24. Rxc6 Rc1 25. Bd3 Ra1
26. e5 Ra8 27. Bc3 Bxc3 28. Rxc3 Re8 29. f4 Ra8 30. Kf3 Ra1 31. Rc8# {
Black checkmated } 1-0

[Event "ICC tourney 2329 (3 2)"]
[Site "Internet Chess Club"]
[Date "2021.01.23"]
[Round "11"]
[White "InfernoKing"]
[Black "Assured"]
[Result "0-1"]
[ICCResult "White resigns"]
[WhiteElo "2133"]
[BlackElo "2577"]
[Opening "Scandinavian (center counter) defense"]
[ECO "B01"]
[NIC "VO.17"]
[Time "00:19:00"]
[PlyCount "88"]
[TimeControl "180+2"]

1. e4 d5 2. exd5 Qxd5 3. Nf3 c6 4. d4 Bf5 5. Nc3 Qd8 6. Bf4 e6 7. Ne5 Nd7
8. Bd3 Bg6 9. Nxg6 hxg6 10. Qe2 Bb4 11. Bd2 Ngf6 12. O-O-O Qb6 13. a3 Be7
14. Na4 Qxd4 15. Nc3 Ne5 16. Be3 Qh4 17. g3 Qg4 18. Bf4 Qxe2 19. Bxe2 Neg4
20. Bxg4 Nxg4 21. Ne4 e5 22. Be3 Nxe3 23. fxe3 Rd8 24. Rxd8+ Kxd8 25. Rd1+
Kc7 26. h4 f5 27. Nc3 e4 28. Kd2 Rd8+ 29. Ke2 Rxd1 30. Nxd1 Bd6 31. Kf2 Be5
32. c3 b5 33. Kg2 a5 34. Nf2 Kd6 35. Nh3 Kd5 36. b3 a4 37. c4+ bxc4 38.
bxa4 c3 39. Ng1 c2 40. Ne2 Bb2 41. a5 c1=Q 42. Nxc1 Bxc1 43. Kf2 Bxa3 44.
a6 Bc5 { White resigns } 0-1

[Event "ICC tourney 2329 (3 2)"]
[Site "Internet Chess Club"]
[Date "2021.01.23"]
[Round "11"]
[White "ChiefDas"]
[Black "ASharikov"]
[Result "0-1"]
[ICCResult "White resigns"]
[WhiteElo "1857"]
[BlackElo "2281"]
[Opening "Pirc: Ufimtsev-Pytel variation"]
[ECO "B07"]
[NIC "PU.08"]
[Time "00:18:54"]
[PlyCount "74"]
[TimeControl "180+2"]

1. e4 d6 2. d4 Nf6 3. Nc3 c6 4. Be2 Qa5 5. f3 d5 6. e5 Nfd7 7. Be3 e6 8.
Qd2 c5 9. Nh3 cxd4 10. Bxd4 Nc6 11. f4 Nxd4 12. Qxd4 Bc5 13. Qa4 Qd8 14.
O-O-O O-O 15. Nb5 a6 16. Nc3 b5 17. Qb3 Nb6 18. Ng5 Be3+ 19. Kb1 Bxf4 20.
Nf3 Qe7 21. Bd3 Bd7 22. Ne2 Bh6 23. g4 Nc4 24. h4 g6 25. g5 Bg7 26. h5 Rfc8
27. Nf4 Be8 28. hxg6 hxg6 29. Rh2 Nxe5 30. Nxe5 Bxe5 31. Rdh1 Qxg5 32. Rg2
Qxf4 33. Bxg6 fxg6 34. Qh3 Bf7 35. Qh7+ Kf8 36. Re1 Ke7 37. Rge2 Rh8 {
White resigns } 0-1

[Event "ICC tourney 2329 (3 2)"]
[Site "Internet Chess Club"]
[Date "2021.01.23"]
[Round "11"]
[White "GGuseinov"]
[Black "kurumania"]
[Result "1-0"]
[ICCResult "Black checkmated"]
[WhiteElo "2715"]
[BlackElo "2514"]
[Opening "Sicilian: closed, 2...Nc6"]
[ECO "B23"]
[NIC "SI.44"]
[Time "00:19:10"]
[PlyCount "45"]
[TimeControl "180+2"]

1. e4 c5 2. Nc3 Nc6 3. Bb5 Nd4 4. Nf3 Nxb5 5. Nxb5 Nf6 6. e5 Nd5 7. Ng5 f6
8. Ne4 Qb6 9. c4 Nf4 10. d4 Nxg2+ 11. Kf1 Nh4 12. exf6 cxd4 13. Qh5+ Ng6
14. Bf4 gxf6 15. Re1 e5 16. Nxf6+ Kd8 17. Nd5 Qc6 18. Bxe5 Qxc4+ 19. Kg1
Rg8 20. Bc7+ Qxc7 21. Ndxc7 Nf4+ 22. Kf1 Nxh5 23. Re8# { Black checkmated }
1-0

[Event "ICC tourney 2329 (3 2)"]
[Site "Internet Chess Club"]
[Date "2021.01.23"]
[Round "11"]
[White "Zapateado"]
[Black "hackerguru"]
[Result "1/2-1/2"]
[ICCResult "Game drawn by mutual agreement"]
[WhiteElo "1908"]
[BlackElo "1750"]
[Opening "English: closed system"]
[ECO "A25"]
[NIC "EO.20"]
[Time "00:18:56"]
[PlyCount "97"]
[TimeControl "180+2"]

1. c4 e5 2. Nc3 Nc6 3. g3 g6 4. Bg2 Bg7 5. e4 Nge7 6. Nge2 d6 7. O-O Be6 8.
d3 O-O 9. h3 f5 10. Nd5 fxe4 11. dxe4 Qd7 12. Kh2 Rab8 13. a4 Nd8 14. Bg5
Nxd5 15. cxd5 Bf7 16. Qd2 c6 17. Nc3 cxd5 18. Nxd5 Ne6 19. Be7 Rfe8 20.
Bxd6 Rbd8 21. Ba3 Nd4 22. Qg5 Bxd5 23. exd5 e4 24. Rae1 Re5 25. Qe3 Nc2 26.
Qxa7 Nxe1 27. Rxe1 Qxd5 28. Qe3 Qd3 29. Bxe4 Qxe3 30. Rxe3 Rd4 31. Bxb7
Rxe3 32. fxe3 Rxa4 33. Bd5+ Kh8 34. e4 Rd4 35. Kg2 Rd2+ 36. Kf3 Bxb2 37.
Bxb2+ Rxb2 38. Kf4 Kg7 39. g4 Kf6 40. g5+ Ke7 41. h4 Rf2+ 42. Kg3 Rb2 43.
Bg8 Rb8 44. Bxh7 Kf7 45. h5 gxh5 46. Kh4 Rh8 47. g6+ Kg7 48. Kxh5 Re8 49.
Kg5 { Game drawn by mutual agreement } 1/2-1/2

[Event "ICC tourney 2329 (3 2)"]
[Site "Internet Chess Club"]
[Date "2021.01.23"]
[Round "11"]
[White "Ayushb"]
[Black "HR2005"]
[Result "0-1"]
[ICCResult "White checkmated"]
[WhiteElo "1769"]
[BlackElo "2041"]
[Opening "Sicilian: Najdorf"]
[ECO "B90"]
[NIC "SI.14"]
[Time "00:18:58"]
[PlyCount "94"]
[TimeControl "180+2"]

1. e4 c5 2. Nf3 d6 3. d4 cxd4 4. Nxd4 Nf6 5. Nc3 a6 6. a4 e6 7. Be3 Be7 8.
g3 O-O 9. Bg2 Nbd7 10. O-O Nc5 11. b4 Ncd7 12. f4 Nb6 13. Qd3 Qc7 14. Bf2
Bd7 15. Rfd1 Rac8 16. Nce2 Nc4 17. Rab1 Ng4 18. c3 Nxf2 19. Kxf2 Bxa4 20.
Nb3 Bb5 21. Qf3 Qb6+ 22. Ke1 Ne3 23. Rdc1 Nxg2+ 24. Qxg2 Bf6 25. Ned4 Bc4
26. Kd2 e5 27. Nf5 g6 28. Ne3 Rfd8 29. Na5 d5 30. exd5 Bb5 31. c4 Qd4+ 32.
Ke1 Qxe3+ 33. Qe2 Qg1+ 34. Kd2 Qd4+ 35. Ke1 Ba4 36. Nxb7 exf4 37. Nxd8 Rxd8
38. Kf1 fxg3 39. hxg3 Re8 40. Qf2 Qd3+ 41. Kg2 Re2 42. Re1 Rxf2+ 43. Kxf2
Bd4+ 44. Kg2 Qd2+ 45. Kf3 Qf2+ 46. Ke4 f5+ 47. Kd3 Bc2# { White checkmated
} 0-1

[Event "ICC tourney 2329 (3 2)"]
[Site "Internet Chess Club"]
[Date "2021.01.23"]
[Round "11"]
[White "PearsonH"]
[Black "marinaxiao"]
[Result "0-1"]
[ICCResult "White resigns"]
[WhiteElo "1752"]
[BlackElo "1496"]
[Opening "Queen's pawn: London system"]
[ECO "A45"]
[NIC "QP.07"]
[Time "00:19:33"]
[PlyCount "102"]
[TimeControl "180+2"]

1. d4 Nf6 2. Bf4 g6 3. Nc3 Bg7 4. e4 d6 5. Qd2 Nbd7 6. O-O-O Nh5 7. Bh6
Bxh6 8. Qxh6 b6 9. e5 dxe5 10. dxe5 Bb7 11. f3 e6 12. g4 Qe7 13. Re1 O-O-O
14. gxh5 g5 15. Bg2 Qc5 16. Qxg5 Rhg8 17. Qd2 Nxe5 18. Qe2 Nc4 19. Rd1 Qg5+
20. Kb1 Rxd1+ 21. Nxd1 Qxg2 22. Qxg2 Rxg2 23. b3 Nd2+ 24. Kc1 Nxf3 25. Nxf3
Bxf3 26. Rf1 Bxd1 27. Kxd1 Rxh2 28. Rxf7 Rxh5 29. Re7 e5 30. Kd2 Kd8 31.
Rg7 Rh2+ 32. Kc3 h5 33. Rg8+ Ke7 34. Rg7+ Kd6 35. Rg6+ Kd5 36. Rg7 Kc6 37.
Rg6+ Kb7 38. Rg5 e4 39. Re5 Rh3+ 40. Kd2 e3+ 41. Rxe3 Rxe3 42. Kxe3 Kc6 43.
Kf4 Kc5 44. Kg5 Kd4 45. Kxh5 Kc3 46. Kg6 Kxc2 47. Kf6 Kb2 48. Ke6 Kxa2 49.
Kd7 Kxb3 50. Kxc7 a5 51. Kxb6 a4 { White resigns } 0-1

[Event "ICC tourney 2329 (3 2)"]
[Site "Internet Chess Club"]
[Date "2021.01.23"]
[Round "11"]
[White "Averyyu321"]
[Black "Kinawa"]
[Result "0-1"]
[ICCResult "White forfeits on time"]
[WhiteElo "1713"]
[BlackElo "1535"]
[Opening "Caro-Kann: Steinitz variation"]
[ECO "B17"]
[NIC "CK.08"]
[Time "00:18:57"]
[PlyCount "68"]
[TimeControl "180+2"]

1. e4 c6 2. d4 d5 3. Nc3 dxe4 4. Nxe4 Nd7 5. Nf3 Ngf6 6. Bd3 Nxe4 7. Bxe4
Nf6 8. Qd3 Bg4 9. h3 Bh5 10. Be3 e6 11. c3 Bd6 12. g4 Bg6 13. Bxg6 hxg6 14.
O-O-O Qc7 15. Bg5 O-O-O 16. Qe2 Rde8 17. Rhe1 Rxh3 18. Ne5 Nd5 19. Nc4 Bf4+
20. Bxf4 Qxf4+ 21. Kb1 Rd8 22. Ne5 Rh2 23. Nd3 Qf6 24. Qe4 Rdh8 25. f4 g5
26. fxg5 Qxg5 27. Ne5 Rf2 28. Rf1 Rhh2 29. Rxf2 Rxf2 30. Qd3 f6 31. Nc4
Qxg4 32. Re1 Qg2 33. Qe4 Rxb2+ 34. Kc1 Qxe4 { White forfeits on time } 0-1

[Event "ICC tourney 2329 (3 2)"]
[Site "Internet Chess Club"]
[Date "2021.01.23"]
[Round "11"]
[White "Shakhmatova"]
[Black "jy2020"]
[Result "0-1"]
[ICCResult "White resigns"]
[WhiteElo "1756"]
[BlackElo "2213"]
[Opening "Sicilian: closed"]
[ECO "B23"]
[NIC "SI.44"]
[Time "00:18:53"]
[PlyCount "86"]
[TimeControl "180+2"]

1. e4 c5 2. Nc3 d6 3. f4 g6 4. Nf3 Bg7 5. g3 Nc6 6. Bg2 e6 7. O-O Nge7 8.
d3 O-O 9. Ne2 f5 10. c3 e5 11. Be3 b6 12. exf5 gxf5 13. Ng5 Qe8 14. fxe5
dxe5 15. d4 h6 16. d5 hxg5 17. d6 Bb7 18. dxe7 Qxe7 19. Qb3+ Kh7 20. Rad1
e4 21. Qc2 Ne5 22. h4 gxh4 23. gxh4 Ng4 24. Bg5 Bf6 25. Nf4 Bxg5 26. hxg5
Ne3 27. Qe2 Nxd1 28. Qh5+ Kg8 29. g6 Ne3 30. Rf2 Ng4 31. Rd2 Rfd8 32. Rxd8+
Rxd8 33. Bf1 Rd1 34. Qxf5 Ba6 35. Qxg4 Rxf1+ 36. Kg2 Qd6 37. Nh5 Qd2+ 38.
Kg3 Rg1+ 39. Kh4 Rxg4+ 40. Kxg4 Be2+ 41. Kh4 Bxh5 42. Kxh5 e3 43. Kg5 e2+ {
White resigns } 0-1

[Event "ICC tourney 2329 (3 2)"]
[Site "Internet Chess Club"]
[Date "2021.01.23"]
[Round "11"]
[White "clair"]
[Black "avocuddle"]
[Result "0-1"]
[ICCResult "White forfeits on time"]
[WhiteElo "1681"]
[BlackElo "1961"]
[Opening "Queen's pawn: London system"]
[ECO "A45"]
[NIC "QP.07"]
[Time "00:18:55"]
[PlyCount "98"]
[TimeControl "180+2"]

1. d4 Nf6 2. Bf4 g6 3. Nc3 d5 4. e3 Bg7 5. Nf3 O-O 6. Be2 c6 7. Ne5 Nbd7 8.
h4 Nxe5 9. Bxe5 Qb6 10. Qc1 Ne4 11. Bxg7 Kxg7 12. Nxe4 dxe4 13. h5 f5 14.
hxg6 hxg6 15. c3 Be6 16. c4 Rh8 17. Rh3 f4 18. Qc3 Bxh3 19. d5+ Kg8 20.
gxh3 cxd5 21. O-O-O Qf6 22. Bg4 Qxc3+ 23. bxc3 dxc4 24. Rd4 fxe3 25. fxe3
b5 26. Rxe4 Kf7 27. Be6+ Kf6 28. Bd5 Rad8 29. Re6+ Kf5 30. e4+ Kf4 31. Rxe7
Rxh3 32. Rf7+ Ke3 33. Rg7 Kd3 34. Rxg6 Kxc3 35. Kd1 Rh2 36. Ke1 Rxa2 37.
Rg3+ Kd4 38. Rg7 Rxd5 39. exd5 Kxd5 40. Rb7 Kc5 41. Kd1 a5 42. Kc1 Kb4 43.
Rb6 c3 44. Rb7 a4 45. Rb8 a3 46. Rb7 Rb2 47. Ra7 Kb3 48. Rb7 b4 49. Rb6 a2
{ White forfeits on time } 0-1

[Event "ICC tourney 2329 (3 2)"]
[Site "Internet Chess Club"]
[Date "2021.01.23"]
[Round "11"]
[White "ZYCON"]
[Black "anmolwarman"]
[Result "0-1"]
[ICCResult "White forfeits on time"]
[WhiteElo "1385"]
[BlackElo "1187"]
[Opening "Benoni: classical, 9.O-O"]
[ECO "A73"]
[NIC "KI.19"]
[Time "00:18:57"]
[PlyCount "108"]
[TimeControl "180+2"]

1. d4 Nf6 2. c4 g6 3. Nc3 Bg7 4. e4 d6 5. Nf3 O-O 6. Be2 c5 7. d5 e6 8. O-O
exd5 9. cxd5 Nbd7 10. Bc4 Re8 11. Re1 Ne5 12. Nxe5 Rxe5 13. Bf4 Re8 14. Nb5
Nxe4 15. f3 Nf6 16. Nxd6 Rxe1+ 17. Qxe1 Nh5 18. Nxc8 Nxf4 19. Ne7+ Kh8 20.
Rb1 a6 21. b3 b5 22. Bf1 Nxd5 23. Nxd5 Qxd5 24. Rd1 Qe6 25. Qxe6 fxe6 26.
Rd6 Bd4+ 27. Kh1 e5 28. g3 a5 29. Bg2 a4 30. f4 Ra7 31. bxa4 Rxa4 32. fxe5
Bxe5 33. Rd8+ Kg7 34. Ra8 Rxa8 35. Bxa8 c4 36. Be4 c3 37. Bc2 b4 38. Kg2
Kf6 39. Kf3 Ke6 40. Ke4 Kd6 41. Bb3 Bg7 42. Bc2 Kc5 43. Bb3 h6 44. Bc2 g5
45. Bb3 Kb5 46. Bc2 Kc5 47. Bb3 Bd4 48. h3 h5 49. Bd1 g4 50. h4 Bf2 51. Kf4
Kd4 52. Kg5 Bxg3 53. Kxh5 Kd3 54. Kxg4 Be5 { White forfeits on time } 0-1